 Dungeon Crawl Stone Soup version 0.25-a0-937-gcfae464cf3 (webtiles) character file.

Game seed: 17986151212878150708, levelgen mode: deterministic

371 kae the Agent of Entropy (level 6, -1/49 HPs)
             Began as a Demonspawn Abyssal Knight on May 4, 2020.
             Was a Priest of Lugonu.
             Succumbed to a scorpion's poison
             ... on level 4 of the Dungeon.
             The game lasted 00:05:53 (3898 turns).

kae the Agent of Entropy (DsAK)                     Turns: 3898, Time: 00:05:53

Health: -1/49      AC:  9    Str: 14    XL:     6   Next: 42%
Magic:  9/9        EV:  8    Int: 14    God:    Lugonu [***...]
Gold:   112        SH:  7    Dex: 12    Spells: 5/5 levels left

rFire    . . .     SeeInvis .   a - +2 mace
rCold    . . .     Gourm    .   e - +0 kite shield
rNeg     . . .     Faith    .   b - +1 leather armour
rPois    .         Spirit   .   (no helmet)
rElec    .         Reflect  .   (no cloak)
rCorr    .         Harm     .   (no gloves)
MR       .....                  g - +1 pair of boots
Stlth    ++........             (no amulet)
HPRegen  0.16/turn              d - ring of flight
MPRegen  0.11/turn              (no ring)

@: lethally poisoned (-1 -> -17)
A: thin metallic scales 2, nightstalker 1
a: Depart the Abyss, Bend Space, Banish, Renounce Religion, Evoke Flight


You were on level 4 of the Dungeon.
You worshipped Lugonu.
Lugonu was most pleased with you.
You were not hungry.

You visited 1 branch of the dungeon, and saw 4 of its levels.
You visited the Abyss 1 time.

You collected 112 gold pieces.

Inventory:

Hand Weapons
 a - a +2 mace (weapon)
Armour
 b - a +1 leather armour (worn)
 e - a +0 kite shield (worn)
 g - a +1 pair of boots (worn)
Jewellery
 d - a ring of flight (left hand)
Scrolls
 h - a scroll of identify
Comestibles
 c - 9 rations
 f - a chunk of flesh


   Skills:
 + Level 4.3 Fighting
 * Level 4.6 Maces & Flails
 - Level 1.7 Armour
 - Level 0.8 Dodging
 + Level 4.9 Invocations


You had 5 spell levels left.
You didn't know any spells.
Your spell library was empty.

Dungeon Overview and Level Annotations

Branches:
Dungeon (4/15)
 Temple: D:4-7

Altars:
Yredelemnul


Innate Abilities, Weirdness & Mutations

You are mostly covered in thin metallic scales. (AC +3)
You are slightly more attuned to the shadows.


Message History

You hit the scorpion.
The scorpion is heavily wounded.
* * * LOW HITPOINT WARNING * * *
You feel sick.
The scorpion stings you but does no damage.
You barely miss the scorpion.
The scorpion is heavily wounded.
* * * LOW HITPOINT WARNING * * *
You feel sick.
The scorpion stings you but does no damage.
The scorpion closely misses you.
You closely miss the scorpion.
The scorpion is heavily wounded.
* * * LOW HITPOINT WARNING * * *
You feel sick.
The scorpion stings you but does no damage.
You sock the scorpion!
You kill the scorpion!
Lugonu accepts your kill.
You die...

#.............#...##.....##
#.............#...########
#.............#....#
#....##.......#....#
#....##.......#.)..#
#.....#.......#....#
#.....#.......#....#
#.....#.......#....#
#.....#.......#.@..#
#....##.......#..†########
#....##.......#...##.....##.
#.............#......Z......
#.....<.......#.....%s).....
#.............#.......(.....
#.............#...#########.
#######.......#...#
#.......#....


There were no monsters in sight!

Vanquished Creatures
  A scorpion (D:4)
  A centaur skeleton (D:4)
  5 orc wizards (D:3)
  A worker ant (D:4)
  An adder (D:3)
  A gnoll (D:1)
  3 worms
  3 dart slugs
  2 leopard geckos
  7 orcs
  4 giant cockroaches
  12 goblins
  9 hobgoblins
  11 jackals
  A ball python (D:3)
  6 bats
  7 frilled lizards
  11 kobolds
  9 rats
95 creatures vanquished.

Notes
Turn   | Place    | Note
-------+----------+-------------------------------------------
     0 | Abyss:1  | kae the Demonspawn Abyssal Knight began the quest for the
                  | Orb.
     0 | Abyss:1  | Reached XP level 1. HP: 18/18 MP: 2/2
    13 | D:1      | Escaped the Abyss
   149 | D:1      | Gained mutation: You are partially covered in thin metallic
                  | scales. (AC +2) [demonic ancestry]
   149 | D:1      | Reached XP level 2. HP: 24/24 MP: 4/4
   506 | D:1      | Gained mutation: You are mostly covered in thin metallic
                  | scales. (AC +3) [demonic ancestry]
   506 | D:1      | Reached XP level 3. HP: 28/29 MP: 5/5
   802 | D:1      | Reached ** piety under Lugonu
  1905 | D:2      | Reached XP level 4. HP: 31/35 MP: 6/6
  2979 | D:3      | Gained mutation: You are slightly more attuned to the
                  | shadows. [demonic ancestry]
  2979 | D:3      | Reached XP level 5. HP: 21/42 MP: 6/8
  3143 | D:3      | Found a basalt altar of Yredelemnul.
  3472 | D:3      | Reached *** piety under Lugonu
  3496 | D:3      | Reached XP level 6. HP: 6/48 MP: 9/9
  3893 | D:4      | HP: 2/48 [centaur skeleton (1)]
  3898 | D:4      | Succumbed to a scorpion's poison

Levels and vault maps discovered:
D:1:      dpeg_arrival_tiny_b, layout_loops_corners
D:2:      layout_basic, kennysheep_generic_room_3
D:3:      layout_basic, marbit_many_paths, first_ration
D:4:      layout_gridville, serial_shops, nicolae_shop_statue_plus, uniq_edmund

Skill      XL: |  1  2  3  4  5 |
---------------+----------------+-----
Maces & Flails | 2 3 4 |  4.6
Invocations    | 3 4 |  4.9
Fighting       | 4 |  4.3
Armour         | |  1.7
Dodging        | |  0.8

Action                   |  1- 3 |  4- 6 || total
-------------------------+-------+-------++-------
Melee: Mace              |   137 |   189 ||   326
Invok: Bend Space        |       |     1 ||     1
  Use: Scroll            |     1 |     8 ||     9
       Potion            |       |     4 ||     4
 Stab: Sleeping          |       |     2 ||     2
  Eat: Chunk             |     3 |     7 ||    10
Armor: Leather armour    |    52 |   131 ||   183
Dodge: Dodged            |    78 |   152 ||   230
Block: Kite shield       |       |     4 ||     4

Table legend:
 A = Non-vault XP
 B = Vault XP
 C = Vault XP percentage of total XP
 D = Non-vault monster count
 E = Vault monster count
 F = Vault count percentage of total count
                 A         B        C        D         E       F
            +---------+---------+-------+---------+---------+-------
      Total |     527 |       3 |   0.6 |      93 |       2 |   2.1
            +---------+---------+-------+---------+---------+-------
        D:1 |      63 |       0 |   0.0 |      30 |       0 |   0.0
        D:2 |      43 |       1 |   2.3 |      20 |       1 |   4.8
        D:3 |     276 |       2 |   0.7 |      39 |       1 |   2.5
        D:4 |     145 |       0 |   0.0 |       4 |       0 |   0.0
            +---------+---------+-------+---------+---------+-------
